Workbook
Name ReportDate: Settings!$D$7

Sheet Income Statement
B2: Income Statement
B3: Magnimetrics | C3: =ReportDate -> 44196
B5: in EUR
C6: Amount
B7: Revenue
B8: Sales Revenue | C8: =-SUMIF('TB Mapping'!E:E,'Income Statement'!B8,'TB Mapping'!K:K) -> 12992479
B10: Other income | C10: =-SUMIF('TB Mapping'!E:E,'Income Statement'!B10,'TB Mapping'!K:K) -> 8153.9136
B12: Expenses
B13: Material expenses | C13: =-SUMIF('TB Mapping'!E:E,'Income Statement'!B13,'TB Mapping'!K:K) -> -173678.33
B14: Hired services | C14: =-SUMIF('TB Mapping'!E:E,'Income Statement'!B14,'TB Mapping'!K:K) -> -2814994.3
B15: Depreciation and Amortization | C15: =-SUMIF('TB Mapping'!E:E,'Income Statement'!B15,'TB Mapping'!K:K) -> -569604.16
B16: Payroll expenses | C16: =-SUMIF('TB Mapping'!E:E,'Income Statement'!B16,'TB Mapping'!K:K) -> -9600689.8
B17: Other expenses | C17: =-SUMIF('TB Mapping'!E:E,'Income Statement'!B17,'TB Mapping'!K:K) -> -383440.86
B19: Operating Profit | C19: =SUM(C8:C17) -> -541774.36
B21: Finance income | C21: =-SUMIF('TB Mapping'!E:E,'Income Statement'!B21,'TB Mapping'!K:K) -> 1161.8916
B22: Finance costs | C22: =-SUMIF('TB Mapping'!E:E,'Income Statement'!B22,'TB Mapping'!K:K) -> -225701.01
B23: Net Finance income, costs | C23: =SUM(C21:C22) -> -224539.11
B25: Profit/loss for the year, before tax | C25: =C19+C23 -> -766313.48

Sheet Balance Sheet
B2: Balance Sheet
B3: Magnimetrics | C3: =ReportDate -> 44196
B5: in EUR
C6: Amount | D6: Adjustment | E6: Final
B7: Assets
B8: Non-current assets
B9: PPE | C9: =SUMIF('TB Mapping'!E:E,'Balance Sheet'!B9,'TB Mapping'!N:N) -> 148662.93 | E9: =SUM(C9:D9) -> 148662.93
B10: Intangibles | C10: =SUMIF('TB Mapping'!E:E,'Balance Sheet'!B10,'TB Mapping'!N:N) -> 1316449.8 | E10: =SUM(C10:D10) -> 1316449.8
B11: Deferred Tax Assets | C11: =SUMIF('TB Mapping'!E:E,'Balance Sheet'!B11,'TB Mapping'!N:N) -> 39732.289 | E11: =SUM(C11:D11) -> 39732.289
C12: =SUM(C9:C11) -> 1504845 | D12: =SUM(D9:D11) -> 0 | E12: =SUM(E9:E11) -> 1504845
B13: Current assets
B14: Cash | C14: =SUMIF('TB Mapping'!E:E,'Balance Sheet'!B14,'TB Mapping'!N:N) -> 804880.28 | E14: =SUM(C14:D14) -> 804880.28
B15: Inventory | C15: =SUMIF('TB Mapping'!E:E,'Balance Sheet'!B15,'TB Mapping'!N:N) -> 0 | E15: =SUM(C15:D15) -> 0
B16: Trade receivables | C16: =SUMIF('TB Mapping'!E:E,'Balance Sheet'!B16,'TB Mapping'!N:N) -> 950518.75 | E16: =SUM(C16:D16) -> 950518.75
B17: Other receivables | C17: =SUMIF('TB Mapping'!E:E,'Balance Sheet'!B17,'TB Mapping'!N:N) -> 268408.71 | E17: =SUM(C17:D17) -> 268408.71
C18: =SUM(C14:C17) -> 2023807.7 | D18: =SUM(D14:D17) -> 0 | E18: =SUM(E14:E17) -> 2023807.7
B20: Total Assets | C20: =C12+C18 -> 3528652.7 | D20: =D12+D18 -> 0 | E20: =E12+E18 -> 3528652.7
B22: Equity
B23: Share Capital | C23: =-SUMIF('TB Mapping'!E:E,'Balance Sheet'!B23,'TB Mapping'!N:N) -> 1284 | E23: =SUM(C23:D23) -> 1284
B24: Retained earnings | C24: =-SUMIF('TB Mapping'!E:E,'Balance Sheet'!B24,'TB Mapping'!N:N) -> 454955.16 | D24: ='Income Statement'!C25 -> -766313.48 | E24: =SUM(C24:D24) -> -311358.32
C25: =SUM(C23:C24) -> 456239.16 | D25: =SUM(D23:D24) -> -766313.48 | E25: =SUM(E23:E24) -> -310074.32
B26: Liabilities
B27: Non-current liabilities
B28: Leases | C28: =-SUMIF('TB Mapping'!E:E,'Balance Sheet'!B28,'TB Mapping'!N:N) -> 1354926.4 | E28: =SUM(C28:D28) -> 1354926.4
C29: =SUM(C28) -> 1354926.4 | D29: =SUM(D28) -> 0 | E29: =SUM(E28) -> 1354926.4
B30: Current liabilities
B31: Trade payables | C31: =-SUMIF('TB Mapping'!E:E,'Balance Sheet'!B31,'TB Mapping'!N:N) -> 695.9922 | E31: =SUM(C31:D31) -> 695.9922
B32: Other payables | C32: =-SUMIF('TB Mapping'!E:E,'Balance Sheet'!B32,'TB Mapping'!N:N) -> 1227461.8 | E32: =SUM(C32:D32) -> 1227461.8
B33: Related Parties | C33: =-SUMIF('TB Mapping'!E:E,'Balance Sheet'!B33,'TB Mapping'!N:N) -> 1255642.9 | E33: =SUM(C33:D33) -> 1255642.9
C34: =SUM(C31:C33) -> 2483800.6 | D34: =SUM(D31:D33) -> 0 | E34: =SUM(E31:E33) -> 2483800.6
B36: Total Equity and Liabilities | C36: =C25+C28+C34 -> 4294966.2 | D36: =D25+D28+D34 -> -766313.48 | E36: =E25+E28+E34 -> 3528652.7
B38: Check | C38: =C20-C36 -> -766313.48 | D38: =D20-D36 -> 766313.48 | E38: =E20-E36 -> 0

Sheet TB Mapping
B2: Trial Balance Mapping
B3: Magnimetrics
B5: in EUR
B7: Account | C7: Account name | D7: Statement | E7: Class | F7: Opening Balance Debit | G7: Opening Balance Credit | H7: Net Opening Balance | I7: Turnover Debit | J7: Turnover Credit | K7: Net T/O | L7: Closing Balance Debit | M7: Closing Balance Credit | N7: Net Closing Balance
B8: 100 | C8: Share Capital | D8: Balance Sheet | E8: Share capital | F8: 0 | G8: 1284 | H8: =F8-G8 -> -1284 | I8: 0 | J8: 0 | K8: =I8-J8 -> 0 | L8: 0 | M8: 1284 | N8: =L8-M8 -> -1284
B9: 120 | C9: Uncovered Losses | D9: Balance Sheet | E9: Retained earnings | F9: 123226.96 | G9: 0 | H9: =F9-G9 -> 123226.96 | I9: 0 | J9: 0 | K9: =I9-J9 -> 0 | L9: 123226.96 | M9: 0 | N9: =L9-M9 -> 123226.96
B10: 121 | C10: Retained Earnings | D10: Balance Sheet | E10: Retained earnings | F10: 0 | G10: 0 | H10: =F10-G10 -> 0 | I10: 0 | J10: 578182.12 | K10: =I10-J10 -> -578182.12 | L10: 0 | M10: 578182.12 | N10: =L10-M10 -> -578182.12
B11: 122 | C11: Current Year Result Profit or Loss | D11: Balance Sheet | E11: Retained earnings | F11: 0 | G11: 578182.12 | H11: =F11-G11 -> -578182.12 | I11: 578182.12 | J11: 0 | K11: =I11-J11 -> 578182.12 | L11: 0 | M11: 0 | N11: =L11-M11 -> 0
B12: 1592 | C12: Leases | D12: Balance Sheet | E12: Leases | F12: 0 | G12: 1285268.5 | H12: =F12-G12 -> -1285268.5 | I12: 343146.43 | J12: 412804.33 | K12: =I12-J12 -> -69657.899 | L12: 0 | M12: 1354926.4 | N12: =L12-M12 -> -1354926.4
B13: 206 | C13: Hardware | D13: Balance Sheet | E13: PPE | F13: 403010.24 | G13: 0 | H13: =F13-G13 -> 403010.24 | I13: 52387.2 | J13: 103897.04 | K13: =I13-J13 -> -51509.843 | L13: 351500.39 | M13: 0 | N13: =L13-M13 -> 351500.39
B14: 207 | C14: Furniture and Fittings | D14: Balance Sheet | E14: PPE | F14: 16741.883 | G14: 0 | H14: =F14-G14 -> 16741.883 | I14: 0 | J14: 0 | K14: =I14-J14 -> 0 | L14: 16741.883 | M14: 0 | N14: =L14-M14 -> 16741.883
B15: 209 | C15: Other PPE | D15: Balance Sheet | E15: PPE | F15: 8385.804 | G15: 0 | H15: =F15-G15 -> 8385.804 | I15: 0 | J15: 0 | K15: =I15-J15 -> 0 | L15: 8385.804 | M15: 0 | N15: =L15-M15 -> 8385.804
B16: 2191 | C16: Right of usage (leases) | D16: Balance Sheet | E16: Intangibles | F16: 1503279.9 | G16: 0 | H16: =F16-G16 -> 1503279.9 | I16: 412804.33 | J16: 0 | K16: =I16-J16 -> 412804.33 | L16: 1916084.2 | M16: 0 | N16: =L16-M16 -> 1916084.2
B17: 240 | C17: PPE Depreciation | D17: Balance Sheet | E17: PPE | F17: 0 | G17: 0 | H17: =F17-G17 -> 0 | I17: 0 | J17: 0 | K17: =I17-J17 -> 0 | L17: 0 | M17: 0 | N17: =L17-M17 -> 0
B18: 2406 | C18: Hardware Depreciation | D18: Balance Sheet | E18: PPE | F18: 0 | G18: 69352.243 | H18: =F18-G18 -> -69352.243 | I18: 50927.549 | J18: 203258.87 | K18: =I18-J18 -> -152331.32 | L18: 0 | M18: 221683.56 | N18: =L18-M18 -> -221683.56
B19: 2407 | C19: Furniture and Fittings Depreciation | D19: Balance Sheet | E19: PPE | F19: 0 | G19: 1883.3712 | H19: =F19-G19 -> -1883.3712 | I19: 0 | J19: 2511.1188 | K19: =I19-J19 -> -2511.1188 | L19: 0 | M19: 4394.49 | N19: =L19-M19 -> -4394.49
... B66: 729 | C66: Other Finance income | D66: Income Statement | E66: Finance income | F66: 0 | G66: 0 | H66: =F66-G66 -> 0 | I66: 0 | J66: 0 | K66: =I66-J66 -> 0 | L66: 0 | M66: 0 | N66: =L66-M66 -> 0

Sheet Settings
B2: Report Settings
B3: Magnimetrics
B5: in EUR
B7: Report Date | D7: 44196
B9: Statements
B10: Income Statement
B11: Balance Sheet
B13: No-selection Option | D13: Select Statement
B15: Statement | C15: Account Class
B16: Income Statement | C16: Sales Revenue
B17: Income Statement | C17: Other income
B18: Income Statement | C18: Material expenses
B19: Income Statement | C19: Hired services
B20: Income Statement | C20: Depreciation and Amortization
B21: Income Statement | C21: Payroll expenses
B22: Income Statement | C22: Other expenses
B23: Income Statement | C23: Finance income
B24: Income Statement | C24: Finance costs
B25: Balance Sheet | C25: PPE
B26: Balance Sheet | C26: Intangibles
... B37: Balance Sheet | C37: Related Parties
